Match 43799637
Unlisted

Match 43799637
End
Selects Italian Combined Arms Battlegroup
Selects Bersaglieri Squad
Bersaglieri Squad
250 Light Carrier
Bersaglieri Squad
Bersaglieri Squad
Construct Light Support Kompanie
Selects Bersaglieri Bolster
Construct Mechanized Kompanie
2.5-tonne Medical Truck
Bersaglieri Squad
Panzerjäger Mechanized Group
Selects Breda Model 30 Light Machine Guns
Selects Breda Model 30 Light Machine Guns
MG34 Team
254 Reconnaissance Tractor
Selects Semovente da 75/18 Assault Gun
Marder III Tank Destroyer
Bersaglieri Squad
Selects Strafing Run
Marder III Tank Destroyer
Strafing Run
Bersaglieri Squad
Selects Artillery Cover
Artillery Cover
Bersaglieri Squad
Strafing Run
Jason_Beebe
CUI
bigcheese
-97
Strategist
RAZER
compsecmonkey
Mansonfreakss
0
0

Comments sign in to comment!

No comments posted yet!